MID
WEST VIRGINIA POWER @ AUGUSTA GREENJACKETS
09/04/2044
 
TOP OF THE 1ST
West Virginia Power batting - Pitching for Augusta GreenJackets : RHP John Bittinger
Pitching: RHP John Bittinger
Batting: SHB Francisco Gutierrez 0-0: Called Strike
0-1: DOUBLE (Flyball, 7LD, EV 107.5 MPH)
Batting: RHB Ron Corn 0-0: Ball
1-0: Called Strike
Francisco Gutierrez steals 3rd base
1-1: Ball
2-1: Foul Ball, location: 2F
2-2: Ground out 4-3 (Groundball, 34, EV 108.1 MPH)
Francisco Gutierrez scores
Batting: SHB Brad Day 0-0: Ball
1-0: Ball
2-0: SINGLE (Groundball, 6M, EV 103.1 MPH) (infield hit)
Batting: RHB Tom Primmer 0-0: Ball
1-0: Ball
Brad Day steals 2nd base
2-0: Called Strike
2-1: Called Strike
2-2: Ball
3-2: Foul Ball, location: 2F
3-2: Foul Ball, location: 2F
3-2: Fly out, F3 (Popup, 23F, EV 75.0 MPH)
Batting: RHB Ted Goldblatt 0-0: Called Strike
0-1: SINGLE (Groundball, 3D, EV 96.9 MPH)
Brad Day to third
Runner from 3rd tries for Home, throw by RF and OUT! 9-2
Top of the 1st over - 1 run, 3 hits, 0 errors, 1 left on base; West Virginia 1 - Augusta 0
BOTTOM OF THE 1ST
Augusta GreenJackets batting - Pitching for West Virginia Power : LHP Hideharu Omoto
Pitching: LHP Hideharu Omoto
Batting: LHB Kevin Kantor 0-0: Foul Ball, location: 2F
0-1: Ball
1-1: Ball
2-1: SINGLE (Groundball, 3D, EV 93.8 MPH)
Batting: RHB Devin Lowery 0-0: Called Strike
0-1: Foul Ball, location: 2F
0-2: Strikes out swinging
Batting: RHB Chris King 0-0: Called Strike
0-1: Called Strike
0-2: Ball
1-2: Strikes out looking
Kevin Kantor steals 2nd base (no throw)
Batter strikes out.
Batting: RHB Omar Jordan 0-0: Ball
1-0: Ball
2-0: Ground out 6-3 (Groundball, 6, EV 89.4 MPH)
Bottom of the 1st over - 0 runs, 1 hit, 0 errors, 1 left on base; West Virginia 1 - Augusta 0
TOP OF THE 2ND
West Virginia Power batting - Pitching for Augusta GreenJackets : RHP John Bittinger
Batting: LHB Alan Pumphrey 0-0: Called Strike
0-1: DOUBLE (Flyball, 8LD, EV 96.9 MPH)
Batting: RHB Pleun Smit 0-0: Ball
1-0: Called Strike
1-1: Foul Ball, location: 2F
1-2: Foul Ball, location: 2F
1-2: Ball
2-2: Ball
3-2: Foul Ball, location: 2F
3-2: Strikes out swinging
Batting: RHB John Beiswenger 0-0: Ground out 1-3 (Groundball, P, EV 67.5 MPH)
Alan Pumphrey to third
Batting: RHB Jesus Marquez 0-0: Foul Ball, location: 2F
0-1: Ball
1-1: Foul Ball, location: 2F
1-2: Ball
2-2: Strikes out swinging, 2-3 out at first.
Top of the 2nd over - 0 runs, 1 hit, 0 errors, 1 left on base; West Virginia 1 - Augusta 0
BOTTOM OF THE 2ND
Augusta GreenJackets batting - Pitching for West Virginia Power : LHP Hideharu Omoto
Batting: RHB Davey Beeson 0-0: Called Strike
0-1: Ball
1-1: Foul Ball, location: 2F
1-2: Ball
2-2: Ball
3-2: Foul Ball, location: 2F
3-2: Fly out, F7 (Flyball, 7, EV 81.9 MPH)
Batting: LHB Pong-keun Koh 0-0: Called Strike
0-1: Swinging Strike
0-2: Hit by Pitch
Batting: LHB Gabe Velez 0-0: Called Strike
0-1: Called Strike
0-2: Strikes out swinging
Batting: LHB James Wheaton 0-0: Ball
1-0: Ball
2-0: Ground out 4-3 (Groundball, 34, EV 82.5 MPH)
Bottom of the 2nd over - 0 runs, 0 hits, 0 errors, 1 left on base; West Virginia 1 - Augusta 0
TOP OF THE 3RD
West Virginia Power batting - Pitching for Augusta GreenJackets : RHP John Bittinger
Batting: SHB Francisco Gutierrez 0-0: Ball
1-0: Foul Ball, location: 2F
1-1: Ball
2-1: Reached on error, E8 (Flyball, 8RS, EV 76.9 MPH)
Batting: RHB Ron Corn 0-0: Ball
1-0: Foul Ball, location: 2F
1-1: Ball
2-1: Fielders Choice at 2nd, 6-4 (Groundball, 6MS, EV 85.0 MPH)
Batting: SHB Brad Day 0-0: Foul Ball, location: 2F
0-1: Ball
1-1: SINGLE (Flyball, 56D, EV 96.9 MPH)
Ron Corn to second
Batting: RHB Tom Primmer 0-0: Called Strike
Ron Corn steals 3rd base (no throw)
0-1: Ball
1-1: Ball
2-1: Foul Ball, location: 2F
2-2: Foul Ball, location: 2F
2-2: Fly out, F2 (Popup, 15S, EV 89.4 MPH)
Batting: RHB Ted Goldblatt 0-0: Called Strike
Brad Day steals 2nd base (no throw)
0-1: Ball
1-1: Swinging Strike
1-2: Strikes out looking
Top of the 3rd over - 0 runs, 1 hit, 1 error, 2 left on base; West Virginia 1 - Augusta 0
BOTTOM OF THE 3RD
Augusta GreenJackets batting - Pitching for West Virginia Power : LHP Hideharu Omoto
Batting: RHB Micah McErlean 0-0: Called Strike
0-1: Called Strike
0-2: Ball
1-2: Foul Ball, location: 2F
1-2: SINGLE (Groundball, 6M, EV 84.4 MPH) (infield hit)
Batting: LHB Kevin Kantor 0-0: Called Strike
0-1: Ball
1-1: SINGLE (Groundball, 5S, EV 71.3 MPH) (infield hit)
Micah McErlean to second
Batting: RHB Devin Lowery 0-0: Foul Ball, location: 2F
0-1: Foul Ball, location: 2F
0-2: Strikes out swinging
Batting: RHB Chris King 0-0: Ball
1-0: Ball
2-0: Foul Ball, location: 2F
2-1: Ball
3-1: Foul Ball, location: 2F
3-2: Base on Balls
Micah McErlean to third
Kevin Kantor to second
Batting: RHB Omar Jordan 0-0: Grounds into double play, 4-6-3 (Groundball, 4, EV 86.9 MPH)
Bottom of the 3rd over - 0 runs, 2 hits, 0 errors, 2 left on base; West Virginia 1 - Augusta 0
TOP OF THE 4TH
West Virginia Power batting - Pitching for Augusta GreenJackets : RHP John Bittinger
Batting: LHB Alan Pumphrey 0-0: Ground out 4-3 (Groundball, 4, EV 97.5 MPH)
Batting: RHB Pleun Smit 0-0: Ground out 6-3 (Groundball, P, EV 81.3 MPH)
Batting: RHB John Beiswenger 0-0: Ball
1-0: Called Strike
1-1: Ball
2-1: Ground out 6-3 (Groundball, 6, EV 83.1 MPH)
Top of the 4th over - 0 runs, 0 hits, 0 errors, 0 left on base; West Virginia 1 - Augusta 0
BOTTOM OF THE 4TH
Augusta GreenJackets batting - Pitching for West Virginia Power : LHP Hideharu Omoto
Batting: RHB Davey Beeson 0-0: Ball
1-0: Ball
2-0: SINGLE (Flyball, 8RS, EV 98.1 MPH)
Batting: LHB Pong-keun Koh 0-0: Ball
1-0: Ball
2-0: Ball
3-0: Base on Balls
Davey Beeson to second
Batting: LHB Gabe Velez 0-0: Ball
1-0: Ball
2-0: Foul Ball, location: 2F
2-1: Fielders Choice at 2nd, 5-4 (Groundball, 56, EV 89.4 MPH)
Davey Beeson to third
Batting: LHB James Wheaton 0-0: Called Strike
0-1: Ball
1-1: Ball
2-1: Ball
3-1: Swinging Strike
3-2: Foul Ball, location: 2F
3-2: Foul Ball, location: 2F
3-2: Foul Ball, location: 2F
3-2: Strikes out swinging
Batting: RHB Micah McErlean Pickoff Throw to First - Out! 1-3
Bottom of the 4th over - 0 runs, 1 hit, 0 errors, 1 left on base; West Virginia 1 - Augusta 0
TOP OF THE 5TH
West Virginia Power batting - Pitching for Augusta GreenJackets : RHP John Bittinger
Batting: RHB Jesus Marquez 0-0: Ball
1-0: Ball
2-0: Ground out 5-3 (Groundball, 56S, EV 94.4 MPH)
Batting: SHB Francisco Gutierrez 0-0: Fly out, F9 (Line Drive, 9, EV 96.3 MPH)
Batting: RHB Ron Corn 0-0: Ball
1-0: Ball
2-0: Called Strike
2-1: Ball
3-1: Base on Balls
Batting: SHB Brad Day 0-0: Called Strike
0-1: Ball
Ron Corn steals 2nd base
1-1: Ground out U3 (Groundball, 34, EV 101.9 MPH)
Top of the 5th over - 0 runs, 0 hits, 0 errors, 1 left on base; West Virginia 1 - Augusta 0
BOTTOM OF THE 5TH
Augusta GreenJackets batting - Pitching for West Virginia Power : LHP Hideharu Omoto
Batting: RHB Micah McErlean 0-0: Ball
1-0: Foul Ball, location: 2F
1-1: Ball
2-1: SINGLE (Groundball, 6MD, EV 104.4 MPH)
Batting: LHB Kevin Kantor 0-0: Grounds into double play, 6-4-3 (Groundball, 6D, EV 91.3 MPH)
Batting: RHB Devin Lowery 0-0: Ball
1-0: Called Strike
1-1: SINGLE (Flyball, 34D, EV 90.6 MPH)
Batting: RHB Chris King 0-0: Ball
1-0: Ball
2-0: Ball
3-0: Called Strike
3-1: Fly out, F9 (Line Drive, 9, EV 104.4 MPH)
Bottom of the 5th over - 0 runs, 2 hits, 0 errors, 1 left on base; West Virginia 1 - Augusta 0
TOP OF THE 6TH
West Virginia Power batting - Pitching for Augusta GreenJackets : RHP John Bittinger
Batting: RHB Tom Primmer 0-0: Called Strike
0-1: Ball
1-1: Ground out 4-3 (Groundball, 4, EV 95.0 MPH)
Batting: RHB Ted Goldblatt 0-0: Ball
1-0: Ball
2-0: Ball
3-0: Base on Balls
Batting: LHB Alan Pumphrey 0-0: Called Strike
0-1: Ball
1-1: Fielders Choice at 2nd, 4-6 (Groundball, 34, EV 78.8 MPH)
Batting: RHB Pleun Smit 0-0: Called Strike
0-1: Ball
1-1: Foul Ball, location: 2F
1-2: Foul Ball, location: 2F
1-2: Ground out 4-3 (Groundball, 34, EV 81.9 MPH)
Top of the 6th over - 0 runs, 0 hits, 0 errors, 1 left on base; West Virginia 1 - Augusta 0
BOTTOM OF THE 6TH
Augusta GreenJackets batting - Pitching for West Virginia Power : LHP Hideharu Omoto
Pitching: RHP Eldon Darrah
Batting: RHB Omar Jordan 0-0: Called Strike
0-1: Ball
1-1: Ball
2-1: Called Strike
2-2: Ball
3-2: Base on Balls
Batting: RHB Davey Beeson 0-0: Grounds into double play, 6-4-3 (Groundball, 6, EV 81.9 MPH)
Batting: LHB Pong-keun Koh 0-0: Foul Ball, location: 2F
0-1: SINGLE (Groundball, 4MD, EV 105.6 MPH)
Batting: LHB Gabe Velez 0-0: Called Strike
0-1: Foul Ball, location: 2F
0-2: Ball
1-2: Ball
2-2: Strikes out swinging
Bottom of the 6th over - 0 runs, 1 hit, 0 errors, 1 left on base; West Virginia 1 - Augusta 0
TOP OF THE 7TH
West Virginia Power batting - Pitching for Augusta GreenJackets : RHP John Bittinger
Batting: RHB John Beiswenger 0-0: Called Strike
0-1: DOUBLE (Line Drive, 78M, EV 100.6 MPH)
Batting: RHB Jesus Marquez 0-0: Called Strike
0-1: Swinging Strike
0-2: Strikes out swinging
Batting: SHB Francisco Gutierrez 0-0: Intentional Walk
Batting: RHB Ron Corn 0-0: Ball
1-0: Called Strike
1-1: Foul Ball, location: 2F
1-2: Foul Ball, location: 2F
1-2: Foul Ball, location: 2F
1-2: Ground out U3 (Groundball, 3, EV 83.1 MPH)
John Beiswenger to third
Francisco Gutierrez to second
Pitching: RHP Ron Riley
Batting: SHB Brad Day 0-0: Ball
1-0: Ball
2-0: Foul Ball, location: 2F
2-1: Swinging Strike
2-2: Foul Ball, location: 2F
2-2: Foul Ball, location: 2F
2-2: Strikes out looking
Top of the 7th over - 0 runs, 1 hit, 0 errors, 2 left on base; West Virginia 1 - Augusta 0
BOTTOM OF THE 7TH
Augusta GreenJackets batting - Pitching for West Virginia Power : RHP Eldon Darrah
Batting: LHB James Wheaton 0-0: SINGLE (Line Drive, 78S, EV 105.0 MPH)
Batting: RHB Micah McErlean 0-0: Ball
1-0: SINGLE (Line Drive, 5, EV 69.4 MPH) (infield hit)
James Wheaton to second
Batting: LHB Kevin Kantor 0-0: Bunted foul
0-1: Ball
1-1: Bunt missed!
1-2: Fly out, F7 (Flyball, 7, EV 87.5 MPH)
Lined into DP, 7-4 (Flyball, 7, EV 87.5 MPH)
Batting: RHB Devin Lowery 0-0: Ball
1-0: Ball
2-0: Fielders Choice at 2nd, 6-4 (Groundball, 6, EV 83.1 MPH)
Bottom of the 7th over - 0 runs, 2 hits, 0 errors, 1 left on base; West Virginia 1 - Augusta 0
TOP OF THE 8TH
West Virginia Power batting - Pitching for Augusta GreenJackets : RHP Ron Riley
Batting: RHB Tom Primmer 0-0: Called Strike
0-1: Foul Ball, location: 2F
0-2: Ball
1-2: Foul Ball, location: 2F
1-2: SINGLE (Groundball, 6MD, EV 100.0 MPH)
Batting: RHB Ted Goldblatt 0-0: Swinging Strike
0-1: Called Strike
0-2: Foul Ball, location: 2F
0-2: Foul Ball, location: 2F
0-2: Ball
1-2: Ball
2-2: Ball
3-2: Fly out, F8 (Flyball, 8RM, EV 91.3 MPH)
Batting: LHB Alan Pumphrey 0-0: Called Strike
0-1: Fielders Choice at 2nd, 4-6 (Groundball, 4, EV 104.4 MPH)
Batting: RHB Pleun Smit 0-0: Called Strike
0-1: Ball
1-1: Swinging Strike
1-2: Fly out, F5 (Popup, 5, EV 73.8 MPH)
Top of the 8th over - 0 runs, 1 hit, 0 errors, 1 left on base; West Virginia 1 - Augusta 0
BOTTOM OF THE 8TH
Augusta GreenJackets batting - Pitching for West Virginia Power : RHP Eldon Darrah
Pitching: LHP Kunifusa Sakuma
Batting: RHB Chris King 0-0: Called Strike
0-1: Called Strike
0-2: Strikes out swinging
Batting: RHB Omar Jordan 0-0: Ball
1-0: Ground out 4-3 (Groundball, 34S, EV 68.1 MPH)
Batting: RHB Davey Beeson 0-0: Called Strike
0-1: Fly out, F8 (Flyball, 8RD, EV 100.6 MPH)
Bottom of the 8th over - 0 runs, 0 hits, 0 errors, 0 left on base; West Virginia 1 - Augusta 0
TOP OF THE 9TH
West Virginia Power batting - Pitching for Augusta GreenJackets : RHP Ron Riley
Batting: RHB John Beiswenger 0-0: Ball
1-0: Called Strike
1-1: Ball
2-1: Foul Ball, location: 2F
2-2: Foul Ball, location: 2F
2-2: Strikes out swinging
Pinch Hitting: LHB Justin Harris 0-0: Foul Ball, location: 2F
0-1: Foul Ball, location: 2F
0-2: Ball
1-2: Foul Ball, location: 2F
1-2: Ball
2-2: Foul Ball, location: 2F
2-2: SOLO HOME RUN (Flyball, 7D, EV 99.4 MPH), Distance : 386 ft
Batting: SHB Francisco Gutierrez 0-0: Foul Ball, location: 2F
0-1: Foul Ball, location: 2F
0-2: Ball
1-2: Ball
2-2: Ball
3-2: Foul Ball, location: 2F
3-2: Fly out, F9 (Flyball, 9S, EV 96.9 MPH)
Batting: RHB Ron Corn 0-0: Swinging Strike
0-1: Called Strike
0-2: Ball
1-2: Foul Ball, location: 2F
1-2: DOUBLE (Line Drive, 7LM, EV 100.0 MPH)
Pitching: RHP Mike Richards
Batting: SHB Brad Day 0-0: Ball
1-0: Ball
2-0: Fly out, F2 (Popup, 13S, EV 85.6 MPH)
Top of the 9th over - 1 run, 2 hits, 0 errors, 1 left on base; West Virginia 2 - Augusta 0
BOTTOM OF THE 9TH
Augusta GreenJackets batting - Pitching for West Virginia Power : LHP Kunifusa Sakuma
Now in RF: Micah Boshnjaku
Batting: LHB Pong-keun Koh 0-0: Ball
1-0: Ball
2-0: Fly out, F9 (Line Drive, 9D, EV 90.6 MPH)
Pinch Hitting: RHB Ian Richardson 0-0: Ball
1-0: Foul Ball, location: 2F
1-1: Ball
2-1: TRIPLE (Line Drive, 89XD, EV 114.4 MPH)
Batting: RHB Drew Duncan 0-0: Called Strike
0-1: Fly out, F9 (Flyball, 89M, EV 90.6 MPH)
Batting: RHB Micah McErlean 0-0: Ball
1-0: Ground out U3 (Groundball, 34, EV 84.4 MPH)
Bottom of the 9th over - 0 runs, 1 hit, 0 errors, 1 left on base; West Virginia 2 - Augusta 0
Thursday, March 31st , 2022 - OOTP Baseball 22.12 Build 89